 Dungeon Crawl Stone Soup version 0.17-a0-1450-g7e755d1 (webtiles) character file.

88 Fizybubbleh the Conjurer (level 4, 0/33 HPs)
             Began as a Draconian Conjurer on June 30, 2015.
             Slain by a gnoll
             ... wielding a +0 halberd
              (7 damage)
             ... on level 2 of the Dungeon.
             The game lasted 00:06:28 (2145 turns).

Fizybubbleh the Conjurer (Draconian Conjurer)       Turns: 2145, Time: 00:06:28

Health: 0/33       AC:  5    Str: 11    XL:     4   Next: 29%
Magic:  1/7        EV: 12    Int: 16    God:
Gold:   32         SH:  0    Dex: 11    Spells: 2 memorised, 4 levels left

rFire  . . .     SeeInvis .     n - +0 spear
rCold  . . .     Clarity  .     (armour unavailable)
rNeg   . . .     SustAt   .     (no shield)
rPois  .         Gourm    .     (helmet restricted)
rElec  .         Spirit   .     (no cloak)
rCorr  .         Warding  .     (no gloves)
rMut   .         Stasis   .     (no boots)
MR     .....                    (no amulet)
Stlth  ++........               (no ring)
                                (no ring)

@: not resistant to hostile enchantments, unstealthy
A: unfitting armour, cold-blooded, AC +5
a: no special abilities


You were on level 2 of the Dungeon.
You were not hungry.

You visited 1 branch of the dungeon, and saw 2 of its levels.

You collected 32 gold pieces.

Inventory:

Hand weapons
 d - a +0 club
 n - a +0 spear (weapon)
Armour
 e - a +0 shield
Jewellery
 j - an uncursed ring of poison resistance {unknown}
 k - an uncursed amulet of regeneration {unknown}
Scrolls
 f - a scroll of teleportation {unknown}
 g - 2 scrolls of magic mapping {unknown}
 i - a scroll of fear {unknown}
Potions
 h - a potion of curing {unknown}
Books
 a - a book of Conjurations

   Spells                             Type                      Level
   a - Magic Dart                     Conjuration                  1
   b - Searing Ray                    Conjuration                  2
   c - Dazzling Spray                 Conjuration/Hexes            3
   d - Fulminant Prism                Conjuration/Hexes            4
   e - Iskenderun's Mystic Blast      Conjuration                  4
   f - Iskenderun's Battlesphere      Conjuration/Charms           5
Comestibles
 b - a bread ration
 c - a meat ration
 l - a slice of pizza


   Skills:
 - Level 1.7 Dodging
 - Level 1.7 Stealth
 - Level 2.0 Spellcasting
 + Level 5.8 Conjurations


You had 4 spell levels left.
You knew the following spells:

 Your Spells              Type           Power        Failure   Level  Hunger
a - Magic Dart            Conj           ###.         1%          1    #......
b - Searing Ray           Conj           ###...       3%          2    ###....


Dungeon Overview and Level Annotations

Branches:
Dungeon (2/15)

Altars:
Ashenzari

Annotations:
D:2 Robin


Innate Abilities, Weirdness & Mutations

Your plain brown scales are hard (AC +5).
Your body does not fit into most forms of armour.
You are cold-blooded and may be slowed by cold attacks.


Message History

You now have 1/7 mp.
Aim: a gnoll, wielding a halberd (heavily wounded)
The magic dart hits the gnoll.
The gnoll hits you from afar with a halberd!
* * * LOW HITPOINT WARNING * * *
You take 15 damage, and have 6/33 hp.
MASSIVE DAMAGE!!
You now have 0/7 mp.
The goblin shouts!
A goblin comes into view. It is wielding a dagger.
The goblin shouts!
The goblin throws a stone.
The stone hits you but does no damage.
A hobgoblin comes into view.
You see here a stone.
Robin shouts!
Robin throws the goblin at you!
The hobgoblin shouts!
The hobgoblin hits you but does no damage.
The gnoll hits you from afar with a halberd!
You die...

.#.#........#....#
##.#.##.#...####.##
......⌠.##'##.⌠#..###
#...................#
...#.##.......##.#..#
..#...#.......#....g#
..#...'..._..)'...#.#
..#÷..#.......#...#.#
...####.......##@g#.#
#....#.........#..g.#
.....#⌠.#.'##.⌠#..#....#
...g.÷###...####g##....#
........#...#....##...##
........#.......###...'.
........###.#.gg...)..#.#
..............g....####.#
..............<....# #


You could see Robin, a gnoll, 2 hobgoblins and a goblin (wandering).

Vanquished Creatures
  2 adders (D:2)
  2 gnolls (D:2)
  A giant gecko (D:2)
  6 bats (D:1)
  7 hobgoblins
  6 jackals (D:1)
  4 giant cockroaches
  A giant newt (D:1)
  6 goblins
  6 kobolds
  7 rats (D:1)
48 creatures vanquished.

Notes
Turn   | Place    | Note
--------------------------------------------------------------
     0 | D:1      | Fizybubbleh the Draconian Conjurer began the quest for the Orb.
     0 | D:1      | Reached XP level 1. HP: 14/14 MP: 3/3
   321 | D:1      | Reached XP level 2. HP: 20/20 MP: 3/5
   477 | D:1      | Learned a level 2 spell: Searing Ray
  1008 | D:1      | Reached skill level 5 in Conjurations
  1035 | D:1      | Reached XP level 3. HP: 26/26 MP: 0/6
  1719 | D:2      | Reached XP level 4. HP: 33/33 MP: 2/7
  1857 | D:2      | Noticed Robin
  2087 | D:2      | Found a shattered altar of Ashenzari.
  2145 | D:2      | Slain by a gnoll

Vault maps used:
D:1:      dpeg_arrival_lava_temple_mockup, hex_medium, minivault_23
D:2:      evilmike_ruin_ashenzari, uniq_robin

Action                   |  1- 3 |  4- 6 || total
-------------------------+-------+-------++-------
Melee: Club              |    18 |       ||    18
       Spear             |     1 |     4 ||     5
 Cast: Magic Dart        |    88 |    32 ||   120
  Eat: Chunk             |     4 |     2 ||     6
